TOP OF THE 1ST |
Atlanta Braves batting - Pitching for New York Mets : RHP Jeff Jank
|
Pitching: RHP Jeff Jank
|
|
Batting: SHB Sean Cook
|
0-0: Ball 1-0: Ground out 6-3 (Groundball, 6, EV 106.9 MPH)
|
Batting: RHB Liangde Li
|
0-0: Ball 1-0: Fly out, F7 (Flyball, 7D, EV 92.5 MPH)
|
Batting: SHB Floyd-William Goof
|
0-0: Ball 1-0: Ball 2-0: Called Strike 2-1: Foul Ball, location: 2F 2-2: Strikes out swinging
|
Top of the 1st over - 0 runs, 0 hits, 0 errors, 0 left on base; Atlanta 0 - New York 0 |
BOTTOM OF THE 1ST |
New York Mets batting - Pitching for Atlanta Braves : RHP Jeremy Kasten
|
Pitching: RHP Jeremy Kasten
|
|
Batting: RHB Finn Ross
|
0-0: Ball 1-0: Ball 2-0: Called Strike 2-1: Fly out, F8 (Flyball, 8LXD, EV 100.6 MPH)
|
Batting: RHB Josh Jones
|
0-0: Called Strike 0-1: Reached on error, E6 (Groundball, 6, EV 92.5 MPH)
|
Batting: LHB Chris Ringwood
|
0-0: Ball 1-0: Ball 2-0: Ball 3-0: Called Strike 3-1: Base on Balls Josh Jones to second
|
Batting: SHB Roberto Magne
|
0-0: Foul Ball, location: 2F 0-1: 3-RUN HOME RUN (Flyball, 9D, EV 95.6 MPH), Distance : 380 ft
|
Batting: SHB Luke Robbins
|
0-0: Ground out 6-3 (Groundball, 6, EV 107.5 MPH)
|
Batting: SHB Billy Encinias
|
0-0: Called Strike 0-1: Ground out 4-3 (Groundball, 4, EV 78.1 MPH)
|
Bottom of the 1st over - 3 runs, 1 hit, 1 error, 0 left on base; Atlanta 0 - New York 3 |
TOP OF THE 2ND |
Atlanta Braves batting - Pitching for New York Mets : RHP Jeff Jank
|
Batting: LHB Erik Gretzky
|
0-0: Called Strike 0-1: Ball 1-1: Ball 2-1: DOUBLE (Groundball, 3L, EV 101.9 MPH)
|
Batting: RHB Ike Trout
|
0-0: Foul Ball, location: 2F 0-1: Ball 1-1: DOUBLE (Line Drive, 7LM, EV 104.4 MPH) Erik Gretzky scores
|
Batting: RHB Manny Vergara
|
0-0: Ball 1-0: Ground out 3-1 (Groundball, 34, EV 105.0 MPH) Ike Trout to third
|
Batting: SHB Dave Barefoot
|
0-0: Ball 1-0: Called Strike 1-1: Ground out 4-3 (Groundball, 34, EV 98.8 MPH) Ike Trout scores
|
Batting: RHB J.J. Powers
|
0-0: Ball 1-0: Ball 2-0: Ball 3-0: Called Strike 3-1: Base on Balls
|
Batting: RHB Zheng-ze King
|
0-0: Called Strike J.J. Powers steals 2nd base 0-1: Swinging Strike 0-2: Ball 1-2: Ball 2-2: Strikes out looking
|
Top of the 2nd over - 2 runs, 2 hits, 0 errors, 1 left on base; Atlanta 2 - New York 3 |
BOTTOM OF THE 2ND |
New York Mets batting - Pitching for Atlanta Braves : RHP Jeremy Kasten
|
Batting: RHB Antonio Aranda
|
0-0: Called Strike 0-1: Ball 1-1: Called Strike 1-2: Ball 2-2: Ball 3-2: Foul Ball, location: 2F 3-2: Foul Ball, location: 2F 3-2: Strikes out swinging
|
Batting: SHB Jason Larson
|
0-0: Called Strike 0-1: Ball 1-1: Called Strike 1-2: Foul Ball, location: 2F 1-2: Foul Ball, location: 2F 1-2: Ball 2-2: Foul Ball, location: 2F 2-2: Fly out, F8 (Flyball, 8RXD, EV 93.8 MPH)
|
Batting: RHB Chris Torlak
|
0-0: Ball 1-0: Ball 2-0: Called Strike 2-1: Ball 3-1: Base on Balls
|
Batting: RHB Finn Ross
|
0-0: Foul Ball, location: 2F 0-1: Ground out 5-3 (Groundball, 56S, EV 68.1 MPH)
|
Bottom of the 2nd over - 0 runs, 0 hits, 0 errors, 1 left on base; Atlanta 2 - New York 3 |
TOP OF THE 3RD |
Atlanta Braves batting - Pitching for New York Mets : RHP Jeff Jank
|
Batting: SHB Sean Cook
|
0-0: Ball 1-0: Foul Ball, location: 2F 1-1: Ball 2-1: Hit by Pitch
|
Batting: RHB Liangde Li
|
0-0: Ball 1-0: Ball 2-0: Called Strike 2-1: Called Strike 2-2: Ball 3-2: Foul Ball, location: 2F 3-2: Foul Ball, location: 2F 3-2: Ground out 4-3 (Groundball, 4S, EV 72.5 MPH) Sean Cook to second
|
Batting: SHB Floyd-William Goof
|
0-0: Ball 1-0: Ball 2-0: Ball 3-0: Base on Balls
|
Batting: LHB Erik Gretzky
|
0-0: Foul Ball, location: 2F 0-1: Called Strike 0-2: Strikes out swinging
|
Batting: RHB Ike Trout
|
0-0: Ball Wild Pitch! Sean Cook to third Floyd-William Goof to second 1-0: Ball 2-0: Ball 3-0: Base on Balls
|
Batting: RHB Manny Vergara
|
0-0: Ball 1-0: Foul Ball, location: 2F 1-1: Ball 2-1: Foul Ball, location: 2F 2-2: GRAND SLAM HOME RUN (Flyball, 7D, EV 98.8 MPH), Distance : 367 ft
|
Pitching: RHP Marc Maniu
|
|
Batting: SHB Dave Barefoot
|
0-0: Ball 1-0: Ground out U3 (Groundball, 3L, EV 108.1 MPH)
|
Top of the 3rd over - 4 runs, 1 hit, 0 errors, 0 left on base; Atlanta 6 - New York 3 |
BOTTOM OF THE 3RD |
New York Mets batting - Pitching for Atlanta Braves : RHP Jeremy Kasten
|
Batting: RHB Josh Jones
|
0-0: Called Strike 0-1: Swinging Strike 0-2: Strikes out looking
|
Batting: LHB Chris Ringwood
|
0-0: Swinging Strike 0-1: Foul Ball, location: 2F 0-2: SINGLE (Groundball, 4MS, EV 70.0 MPH) (infield hit)
|
Batting: SHB Roberto Magne
|
0-0: Called Strike Pickoff Throw to First - Error! E1 Chris Ringwood to second 0-1: Ball 1-1: Ground out 5-3 (Groundball, 5, EV 84.4 MPH)
|
Batting: SHB Luke Robbins
|
0-0: Foul Ball, location: 2F 0-1: Ball 1-1: Fly out, F7 (Flyball, 7D, EV 100.0 MPH)
|
Bottom of the 3rd over - 0 runs, 1 hit, 1 error, 1 left on base; Atlanta 6 - New York 3 |
TOP OF THE 4TH |
Atlanta Braves batting - Pitching for New York Mets : RHP Marc Maniu
|
Batting: RHB J.J. Powers
|
0-0: Foul Ball, location: 2F 0-1: Ball 1-1: Fly out, F8 (Flyball, 8RD, EV 95.0 MPH)
|
Batting: RHB Zheng-ze King
|
0-0: SINGLE (Groundball, 4MD, EV 102.5 MPH)
|
Batting: SHB Sean Cook
|
0-0: Foul Ball, location: 2F 0-1: Ball 1-1: Called Strike 1-2: Foul Ball, location: 2F 1-2: Ball 2-2: Ball 3-2: Strikes out swinging Zheng-ze King steals 2nd base Batter strikes out.
|
Batting: RHB Liangde Li
|
0-0: Ball 1-0: Ball 2-0: Ball 3-0: Called Strike 3-1: Foul Ball, location: 2F 3-2: Strikes out swinging
|
Top of the 4th over - 0 runs, 1 hit, 0 errors, 1 left on base; Atlanta 6 - New York 3 |
BOTTOM OF THE 4TH |
New York Mets batting - Pitching for Atlanta Braves : RHP Jeremy Kasten
|
Batting: SHB Billy Encinias
|
0-0: Called Strike 0-1: Swinging Strike 0-2: Ground out 3-1 (Groundball, 34S, EV 78.8 MPH)
|
Batting: RHB Antonio Aranda
|
0-0: Foul Ball, location: 2F 0-1: Ball 1-1: Ball 2-1: Swinging Strike 2-2: SINGLE (Line Drive, 9S, EV 92.5 MPH)
|
Batting: SHB Jason Larson
|
0-0: Ball 1-0: Ball 2-0: DOUBLE (Line Drive, 89XD, EV 108.1 MPH) Antonio Aranda to third Runner from 3rd tries for Home, SAFE, no throw by CF
|
Batting: RHB Chris Torlak
|
0-0: Foul Ball, location: 2F 0-1: Called Strike 0-2: Ball 1-2: Strikes out swinging
|
Batting: RHB Finn Ross
|
0-0: Ball 1-0: Swinging Strike 1-1: Foul Ball, location: 2F 1-2: Ball 2-2: SINGLE (Groundball, 6MD, EV 100.6 MPH) Jason Larson to third Runner from 3rd tries for Home, SAFE, throw by CF to home
|
Pitching: RHP Alard Kraaijeveld
|
|
Batting: RHB Josh Jones
|
0-0: Ball Finn Ross is caught stealing 2nd base 2-4
|
Bottom of the 4th over - 2 runs, 3 hits, 0 errors, 0 left on base; Atlanta 6 - New York 5 |
TOP OF THE 5TH |
Atlanta Braves batting - Pitching for New York Mets : RHP Marc Maniu
|
Batting: SHB Floyd-William Goof
|
0-0: SINGLE (Line Drive, 6MD, EV 105.0 MPH)
|
Batting: LHB Erik Gretzky
|
0-0: Called Strike 0-1: Swinging Strike 0-2: Strikes out swinging
|
Batting: RHB Ike Trout
|
0-0: Ball Floyd-William Goof steals 2nd base 1-0: Swinging Strike 1-1: Foul Ball, location: 2F 1-2: Ground out 4-3 (Groundball, 34, EV 88.1 MPH) Floyd-William Goof to third
|
Batting: RHB Manny Vergara
|
0-0: Called Strike 0-1: Ball 1-1: Ball 2-1: Foul Ball, location: 2F 2-2: SINGLE (Groundball, 6D, EV 106.2 MPH) Floyd-William Goof scores
|
Batting: SHB Dave Barefoot
|
0-0: Fly out, F8 (Flyball, 78M, EV 85.0 MPH)
|
Top of the 5th over - 1 run, 2 hits, 0 errors, 1 left on base; Atlanta 7 - New York 5 |
BOTTOM OF THE 5TH |
New York Mets batting - Pitching for Atlanta Braves : RHP Alard Kraaijeveld
|
Batting: RHB Josh Jones
|
0-0: Called Strike 0-1: Foul Ball, location: 2F 0-2: Strikes out swinging
|
Batting: LHB Chris Ringwood
|
0-0: Ball 1-0: Called Strike 1-1: Ball 2-1: Foul Ball, location: 2F 2-2: SINGLE (Groundball, 6MS, EV 71.2 MPH) (infield hit)
|
Batting: SHB Roberto Magne
|
0-0: Called Strike 0-1: Fly out, F8 (Flyball, 8RXD, EV 90.6 MPH)
|
Batting: SHB Luke Robbins
|
0-0: Fielders Choice at 2nd, 6-4 (Groundball, 6, EV 99.4 MPH)
|
Bottom of the 5th over - 0 runs, 1 hit, 0 errors, 1 left on base; Atlanta 7 - New York 5 |
TOP OF THE 6TH |
Atlanta Braves batting - Pitching for New York Mets : RHP Marc Maniu
|
Batting: RHB J.J. Powers
|
0-0: Called Strike 0-1: Ball 1-1: Swinging Strike 1-2: Ball 2-2: Strikes out looking
|
Batting: RHB Zheng-ze King
|
0-0: Ball 1-0: SINGLE (Groundball, 56D, EV 99.4 MPH)
|
Pitching: RHP Thomas Clark
|
|
Batting: SHB Sean Cook
|
0-0: Called Strike 0-1: Called Strike 0-2: Foul Ball, location: 2F 0-2: Fly out, F7 (Flyball, 78S, EV 87.5 MPH)
|
Batting: RHB Liangde Li
|
0-0: Called Strike 0-1: Ball 1-1: Ball 2-1: Foul Ball, location: 2F 2-2: Ball 3-2: Base on Balls Zheng-ze King to second
|
Batting: SHB Floyd-William Goof
|
0-0: Ball 1-0: Ball 2-0: Ball 3-0: Base on Balls Zheng-ze King to third Liangde Li to second
|
Batting: LHB Erik Gretzky
|
0-0: Swinging Strike 0-1: Ball 1-1: Ball 2-1: Ball 3-1: Ground out 4-3 (Groundball, 4, EV 86.9 MPH)
|
Top of the 6th over - 0 runs, 1 hit, 0 errors, 3 left on base; Atlanta 7 - New York 5 |
BOTTOM OF THE 6TH |
New York Mets batting - Pitching for Atlanta Braves : RHP Alard Kraaijeveld
|
Batting: SHB Billy Encinias
|
0-0: Called Strike 0-1: Ground out 3-1 (Groundball, 34, EV 86.2 MPH)
|
Batting: RHB Antonio Aranda
|
0-0: Ground out 5-3 (Groundball, 56, EV 79.4 MPH)
|
Batting: SHB Jason Larson
|
0-0: Ball 1-0: Fly out, F5 (Popup, 25F, EV 81.9 MPH)
|
Bottom of the 6th over - 0 runs, 0 hits, 0 errors, 0 left on base; Atlanta 7 - New York 5 |
TOP OF THE 7TH |
Atlanta Braves batting - Pitching for New York Mets : RHP Thomas Clark
|
Pitching: RHP David Anzaldua
|
|
Batting: RHB Ike Trout
|
0-0: Ball 1-0: Foul Ball, location: 2F 1-1: Ground out 6-3 (Groundball, 6, EV 91.9 MPH)
|
Batting: RHB Manny Vergara
|
0-0: Swinging Strike 0-1: Foul Ball, location: 2F 0-2: Foul Ball, location: 2F 0-2: Strikes out looking
|
Batting: SHB Dave Barefoot
|
0-0: Swinging Strike 0-1: Foul Ball, location: 2F 0-2: Strikes out swinging
|
Top of the 7th over - 0 runs, 0 hits, 0 errors, 0 left on base; Atlanta 7 - New York 5 |
BOTTOM OF THE 7TH |
New York Mets batting - Pitching for Atlanta Braves : RHP Alard Kraaijeveld
|
Pitching: RHP Salisbury Swanson
|
|
Batting: RHB Chris Torlak
|
0-0: Called Strike 0-1: Called Strike 0-2: Ball 1-2: Foul Ball, location: 2F 1-2: Fly out, F5 (Line Drive, 5L, EV 65.0 MPH)
|
Batting: RHB Finn Ross
|
0-0: Swinging Strike 0-1: Ball 1-1: Foul Ball, location: 2F 1-2: Foul Ball, location: 2F 1-2: Strikes out looking
|
Batting: RHB Josh Jones
|
0-0: Called Strike 0-1: Foul Ball, location: 2F 0-2: Ball 1-2: Foul Ball, location: 2F 1-2: Foul Ball, location: 2F 1-2: Ground out 5-3 (Groundball, 56S, EV 76.9 MPH)
|
Bottom of the 7th over - 0 runs, 0 hits, 0 errors, 0 left on base; Atlanta 7 - New York 5 |
TOP OF THE 8TH |
Atlanta Braves batting - Pitching for New York Mets : RHP David Anzaldua
|
Batting: RHB J.J. Powers
|
0-0: Swinging Strike 0-1: Swinging Strike 0-2: Strikes out swinging
|
Batting: RHB Zheng-ze King
|
0-0: Ball 1-0: Called Strike 1-1: Ball 2-1: SINGLE (Groundball, 56D, EV 101.9 MPH)
|
Batting: SHB Sean Cook
|
0-0: Called Strike 0-1: Ball 1-1: Ball 2-1: SINGLE (Groundball, 25, EV 65.6 MPH) (infield hit) Zheng-ze King to second
|
Batting: RHB Liangde Li
|
0-0: Called Strike 0-1: Called Strike 0-2: Strikes out swinging
|
Batting: SHB Floyd-William Goof
|
0-0: Ball 1-0: Ball 2-0: Foul Ball, location: 2F 2-1: Called Strike 2-2: Foul Ball, location: 2F 2-2: Foul Ball, location: 2F 2-2: Ball 3-2: SINGLE (Groundball, 13, EV 85.6 MPH) (infield hit) Zheng-ze King to third Sean Cook to second
|
Batting: LHB Erik Gretzky
|
0-0: Ball 1-0: Ball 2-0: Called Strike 2-1: Foul Ball, location: 2F 2-2: Foul Ball, location: 2F 2-2: Foul Ball, location: 2F 2-2: Foul Ball, location: 2F 2-2: Strikes out swinging
|
Top of the 8th over - 0 runs, 3 hits, 0 errors, 3 left on base; Atlanta 7 - New York 5 |
BOTTOM OF THE 8TH |
New York Mets batting - Pitching for Atlanta Braves : RHP Salisbury Swanson
|
Now at 2B: J.J. Powers
|
|
Now at SS: Yasuhide Kasahara
|
|
Batting: LHB Chris Ringwood
|
0-0: Ball 1-0: Foul Ball, location: 2F 1-1: Swinging Strike 1-2: Ground out 6-3 (Groundball, P, EV 84.4 MPH)
|
Batting: SHB Roberto Magne
|
0-0: Ball 1-0: Called Strike 1-1: Foul Ball, location: 2F 1-2: Ball 2-2: Foul Ball, location: 2F 2-2: Fly out, F8 (Flyball, 8LM, EV 76.2 MPH)
|
Batting: SHB Luke Robbins
|
0-0: Called Strike 0-1: Ball 1-1: Foul Ball, location: 2F 1-2: Foul Ball, location: 2F 1-2: Ball 2-2: Strikes out swinging
|
Bottom of the 8th over - 0 runs, 0 hits, 0 errors, 0 left on base; Atlanta 7 - New York 5 |
TOP OF THE 9TH |
Atlanta Braves batting - Pitching for New York Mets : RHP David Anzaldua
|
Pitching: RHP Robbie Beerbower
|
|
Batting: RHB Ike Trout
|
0-0: SINGLE (Line Drive, 8LS, EV 103.8 MPH)
|
Batting: RHB Manny Vergara
|
0-0: Called Strike 0-1: Called Strike 0-2: Ball 1-2: Foul Ball, location: 2F 1-2: Strikes out looking
|
Batting: SHB Dave Barefoot
|
0-0: Called Strike 0-1: Ball 1-1: Fly out, F8 (Flyball, 8RM, EV 92.5 MPH)
|
Batting: RHB J.J. Powers
|
0-0: Called Strike 0-1: Ball 1-1: Fielders Choice at 2nd, 6-4 (Groundball, 56, EV 84.4 MPH)
|
Top of the 9th over - 0 runs, 1 hit, 0 errors, 1 left on base; Atlanta 7 - New York 5 |
BOTTOM OF THE 9TH |
New York Mets batting - Pitching for Atlanta Braves : RHP Salisbury Swanson
|
Pitching: LHP Sam Schrecengost
|
|
Batting: SHB Billy Encinias
|
0-0: Foul Ball, location: 2F 0-1: Fly out, F7 (Flyball, 7D, EV 93.8 MPH)
|
Batting: RHB Antonio Aranda
|
0-0: Foul Ball, location: 2F 0-1: Foul Ball, location: 2F 0-2: Fly out, F8 (Flyball, 89M, EV 81.2 MPH)
|
Batting: SHB Jason Larson
|
0-0: Foul Ball, location: 2F 0-1: Foul Ball, location: 2F 0-2: Foul Ball, location: 2F 0-2: Ball 1-2: Foul Ball, location: 2F 1-2: Ball 2-2: Foul Ball, location: 2F 2-2: Ball 3-2: Strikes out swinging
|
Bottom of the 9th over - 0 runs, 0 hits, 0 errors, 0 left on base; Atlanta 7 - New York 5 |
|